 Dungeon Crawl Stone Soup version 0.21-a0-286-g6fcecc0 (webtiles) character file.

1523 JackS81 the Slasher (level 8, -12/61 HPs)
             Began as a Demonspawn Berserker on Sept 28, 2017.
             Was a Priest of Trog.
             Mangled by a skeletal warrior
             ... wielding a +0 trident
              (18 damage)
             ... on level 6 of the Dungeon.
             The game lasted 00:18:10 (3707 turns).

JackS81 the Slasher (Demonspawn Berserker)          Turns: 3707, Time: 00:18:11

Health: -12/61     AC:  8    Str: 25    XL:     8   Next: 54%
Magic:  10/10      EV: 12    Int:  8    God:    Trog [***...]
Gold:   400        SH:  0    Dex: 13    Spells: 7/7 levels left

rFire    x . .     SeeInvis .   a - +0 falchion
rCold    + . .     Gourm    .   (no shield)
rNeg     + . .     Faith    .   F - +0 ring mail (curse)
rPois    .         Spirit   .   i - +0 hat
rElec    .         Reflect  .   (no cloak)
rCorr    .         Harm     .   u - +1 pair of gloves
MR       ++...                  (no boots)
Stlth    +.........             (no amulet)
HPRegen  1.20/turn              B - ring of positive energy
MPRegen  0.12/turn              D - ring of ice

@: mighty, berserk cooldown, regenerating, slowed, very slow
A: horns 1, spiny 1, sturdy frame 1
a: Berserk, Trog's Hand, Burn Spellbooks, Renounce Religion


You were on level 6 of the Dungeon.
You worshipped Trog.
Trog was most pleased with you.
You were very hungry.

You visited 1 branch of the dungeon, and saw 6 of its levels.

You collected 400 gold pieces.

Inventory:

Hand Weapons
 a - a +0 falchion (weapon)
 t - a +2 short sword of freezing
 v - the +5 hand crossbow of the Many Deaths {velocity, rPois rN++ Stlth-}
   (You found it on level 2 of the Dungeon)

   Any bolt fired from it inflicts extra damage.
   It protects you from poison.
   It greatly protects you from negative energy.
   It makes you less stealthy.
Missiles
 g - 61 sling bullets
 o - 210 stones (quivered)
 w - 36 arrows
 y - 17 bolts
Armour
 b - a +0 animal skin
 i - a +0 hat (worn)
 q - a +0 ring mail
 u - a +1 pair of gloves (worn)
 F - a cursed +0 ring mail (worn)
Jewellery
 B - a ring of positive energy (left hand)
 D - a ring of ice (right hand)
Wands
 m - a wand of lightning (3/15)
 A - a wand of disintegration (16/24)
Scrolls
 e - 2 scrolls of recharging
 f - 2 scrolls of teleportation
 n - 4 scrolls of identify
 x - a scroll of enchant armour
 E - a scroll of remove curse
Potions
 d - a potion of curing
 h - a potion of invisibility {unknown}
 l - 2 potions of might
 s - a potion of magic {unknown}
 z - 2 potions of flight {unknown}
 C - 2 potions of mutation {unknown}
 G - a potion of ambrosia {unknown}
Comestibles
 c - 5 bread rations
 j - 7 fruits
 k - 3 royal jellies
 p - 8 chunks of flesh
 r - 2 meat rations


   Skills:
 + Level 4.7 Fighting
 - Level 0.5(4.0) Short Blades
 * Level 6.4 Long Blades
 + Level 3.4 Crossbows
 + Level 5.1 Armour
 - Level 1.7 Dodging
 * Level 3.5 Evocations


You had 7 spell levels left.
You didn't know any spells.

Dungeon Overview and Level Annotations

Branches:
Dungeon (6/15)             Temple (0/1) D:4

Altars:
Gozag
Qazlal
Sif Muna


Innate Abilities, Weirdness & Mutations

You have a pair of small horns on your head.
You are partially covered in sharp spines.
Your movements are slightly less encumbered by armour. (ER -2)


Message History

You barely miss the skeletal warrior. You headbutt the skeletal warrior!
The skeletal warrior is heavily damaged.
You hit the skeletal warrior but do no damage.
The skeletal warrior is heavily damaged.
The skeletal warrior is struck by your spines.
The skeletal warrior hits you with a trident!!
* * * LOW HITPOINT WARNING * * *
The skeletal warrior hits you from afar with a glaive!
* * * LOW HITPOINT WARNING * * *
You are too berserk!
Things that are here:
a flail; a spear You feel a strong urge to attack something.
You are no longer berserk.
You are exhausted.
You feel yourself slow down.
It was a potion of might.
You feel very mighty all of a sudden.
The skeletal warrior hits you from afar with a trident!!
You die...

## ####. #.#####... .#..
.....#.. .#.# #####...##
...######......)@#
.#.............#)#
.#.......#.....#z#
.......[.#######z#
....z....# #z###
..%....### ###z.<#####
.#<#..z.### #.........#
#.#......# #.........#
.......##.####.........#


You could see 4 skeletal warriors.

Vanquished Creatures
  Pikel (D:4)
  The ghost of nago the Poker, an amateur GnBe of Trog (D:4)
  Sigmund (D:3)
  3 slaves (D:4)
  A phantom (D:4)
  An ogre (D:4)
  A bullfrog (D:6)
  A jelly (D:6)
  A centaur zombie (D:6)
  A hound (D:6)
  An orc priest (D:5)
  3 worker ants
  2 hound skeletons (D:4)
  7 gnolls
  3 adders
  An ooze (D:3)
  2 adder skeletons
  4 worms
  5 dart slugs
  4 leopard geckos
  11 orcs
  5 bats
  7 giant cockroaches
  8 hobgoblins
  6 jackals
  4 quokkas
  9 frilled lizards
  7 goblins
  5 kobolds
  A quokka skeleton (D:4)
  7 rats
114 creatures vanquished.

Notes
Turn   | Place    | Note
-------+----------+-------------------------------------------
     0 | D:1      | JackS81 the Demonspawn Berserker began the quest for the Orb.
     0 | D:1      | Reached XP level 1. HP: 18/18 MP: 1/1
    65 | D:1      | Reached skill level 3 in Long Blades
   266 | D:1      | Gained mutation: You have a pair of small horns on your head. [demonic ancestry]
   266 | D:1      | Reached XP level 2. HP: 17/24 MP: 2/2
   888 | D:2      | Reached XP level 3. HP: 23/29 MP: 3/3
   989 | D:2      | Reached skill level 4 in Long Blades
  1016 | D:2      | Got a crude hand crossbow
  1039 | D:2      | Reached ** piety under Trog
  1112 | D:2      | Found a deep blue altar of Sif Muna.
  1399 | D:2      | Reached XP level 4. HP: 30/35 MP: 4/4
  1674 | D:3      | Reached skill level 1 in Crossbows
  1720 | D:3      | Noticed Sigmund
  1739 | D:3      | Killed Sigmund
  1739 | D:3      | Reached skill level 5 in Long Blades
  1739 | D:3      | Gained mutation: Your movements are slightly less encumbered by armour. (ER -2) [demonic ancestry]
  1739 | D:3      | Reached XP level 5. HP: 24/41 MP: 5/5
  1909 | D:3      | Identified the +5 hand crossbow of the Many Deaths {velocity, rPois rN++ Stlth-} (You found it on level 2 of the Dungeon)
  2233 | D:4      | Reached XP level 6. HP: 47/47 MP: 6/6
  2455 | D:4      | Reached skill level 1 in Evocations
  2541 | D:4      | Noticed a slave
  2548 | D:4      | Noticed a slave
  2562 | D:4      | Killed a slave
  2566 | D:4      | Killed a slave
  2603 | D:4      | Noticed a slave
  2606 | D:4      | Killed a slave
  2608 | D:4      | Noticed Pikel
  2608 | D:4      | Noticed a slave
  2619 | D:4      | Killed Pikel
  2619 | D:4      | Gained mutation: You are partially covered in sharp spines. [demonic ancestry]
  2619 | D:4      | Reached XP level 7. HP: 32/54 MP: 6/8
  2726 | D:4      | Reached skill level 6 in Long Blades
  2752 | D:4      | Noticed nago's ghost (amateur GnBe)
  2763 | D:4      | Killed nago's ghost
  2763 | D:4      | Reached XP level 8. HP: 60/60 MP: 8/10
  2821 | D:4      | Found a staircase to the Ecumenical Temple.
  2969 | D:4      | Reached *** piety under Trog
  3061 | D:5      | Entered Level 5 of the Dungeon
  3217 | D:5      | Found a stormy altar of Qazlal.
  3223 | D:5      | Found an opulent altar of Gozag.
  3587 | D:6      | Reached skill level 5 in Armour
  3668 | D:6      | Noticed a skeletal warrior
  3677 | D:6      | Noticed a skeletal warrior
  3682 | D:6      | Noticed a skeletal warrior
  3701 | D:6      | Noticed a skeletal warrior
  3704 | D:6      | HP: 3/91 [skeletal warrior/glaive[a skeletal warrior] (10)]
  3707 | D:6      | Mangled by a skeletal warrior

Vault maps used:
D:1:      roderic_chinese_lattice_arrival
D:2:      minmay_diamond_boxcup, lemuel_coloured_pillars_altar
D:3:      first_bread, grunt_ministairs_2, uniq_sigmund
D:4:      temple_fountains, uniq_pikel
D:5:      grunt_temple_overflow_open
D:6:      basic_altar

Skill      XL: |  1  2  3  4  5  6  7  8 |
---------------+-------------------------+-----
Long Blades    | 3 4 5 6 |  6.4
Crossbows      | 1 2 3 |  3.4
Armour         | 2 3 4 5 |  5.1
Evocations     | 2 3 |  3.5
Fighting       | 4 |  4.7
Short Blades   | |  0.5
Dodging        | |  1.7

Action                   |  1- 3 |  4- 6 |  7- 9 || total
-------------------------+-------+-------+-------++-------
Melee: Falchion          |    61 |       |    45 ||   106
       Headbutt          |    13 |    23 |    25 ||    61
       Short sword       |    54 |   103 |    45 ||   202
 Fire: Hand crossbow     |       |     9 |     3 ||    12
Throw: Stone             |     3 |       |       ||     3
Invok: Trog's Hand       |       |     2 |     3 ||     5
       Berserk           |       |     3 |     4 ||     7
  Use: Potion            |       |     1 |     1 ||     2
       Scroll            |       |     7 |     2 ||     9
  Eat: Chunk             |     2 |     6 |     8 ||    16
Armor: Animal skin       |    17 |       |       ||    17
       Ring mail         |    20 |    42 |    30 ||    92
Dodge: Dodged            |    70 |    67 |    52 ||   189
       Rpst.: Falchion   |    12 |       |    13 ||    25

Table legend:
 A = Spawn XP
 B = Non-spawn XP
 C = Spawn XP percentage of total XP
 D = Spawn monster count
 E = Non-spawn monster count
 F = Spawn count percentage of total count
 G = Total turns spent on level
                    A         B        C        D         E        F      G
               +---------+---------+-------+---------+---------+-------+---------
         Total |       0 |    2176 |   0.0 |       0 |     111 |   0.0 |  3707
               +---------+---------+-------+---------+---------+-------+---------
           D:1 |       0 |      30 |   0.0 |       0 |      18 |   0.0 |   810
           D:2 |       0 |      74 |   0.0 |       0 |      28 |   0.0 |   775
           D:3 |       0 |     273 |   0.0 |       0 |      22 |   0.0 |   647
           D:4 |       0 |    1400 |   0.0 |       0 |      21 |   0.0 |   829
           D:5 |       0 |     103 |   0.0 |       0 |      11 |   0.0 |   503
           D:6 |       0 |     296 |   0.0 |       0 |      11 |   0.0 |   143
               +---------+---------+-------+---------+---------+-------+---------
